 Dungeon Crawl Stone Soup version 0.26-a0-835-g8259106e14 (webtiles) character file.

Game seed: 13284219979818017452

2870 strifetoe the Cleaver (level 9, -11/51 HPs)
             Began as a Gargoyle Fighter on Nov 18, 2020.
             Was a Believer of Okawaru.
             Killed by divine providence
             ... invoked by an orc priest
              (14 damage)
             ... on level 8 of the Dungeon.
             The game lasted 00:10:03 (7100 turns).

strifetoe the Cleaver (Gargoyle Fighter)            Turns: 7100, Time: 00:10:04

Health: -11/51     AC: 24    Str: 23    XL:     9   Next: 76%
Magic:  9/9        EV:  5    Int:  9    God:    Okawaru [**....]
Gold:   325        SH:  9    Dex:  9    Spells: 8/8 levels left

rFire    . . .     SeeInvis .   a - +1 war axe
rCold    . . .     Faith    .   c - +0 kite shield
rNeg     + + .     Spirit   .   n - +0 chain mail
rPois    ∞         Reflect  .   (no helmet)
rElec    +         Harm     .   x - +0 cloak
rCorr    .         Rampage  .   G - +1 pair of gloves
MR       .....                  B - +0 pair of boots
Stlth    ..........             (no amulet)
HPRegen  0.17/turn              D - ring of positive energy
MPRegen  0.11/turn              r - +4 ring of protection

@: no status effects
A: negative energy resistance 1, electricity resistance, unbreathing,
petrification resistance, rot immunity, AC +6
a: Heroism, Renounce Religion


You were on level 8 of the Dungeon.
You worshipped Okawaru.
Okawaru was pleased with you.
You visited 2 branches of the dungeon, and saw 9 of its levels.

You collected 325 gold pieces.

Inventory:

Hand Weapons
 a - a +1 war axe (weapon)
Armour
 c - a +0 kite shield (worn)
 n - a +0 chain mail (worn)
 x - a +0 cloak (worn)
 B - a +0 pair of boots (worn)
 G - a +1 pair of gloves (worn)
Jewellery
 g - an uncursed ring of protection from fire
 p - an uncursed ring of magical power
 r - a +4 ring of protection (right hand)
 t - an uncursed ring of flight
 u - an uncursed ring of magical power
 D - a ring of positive energy (left hand)
Wands
 f - a wand of flame (49)
 y - a wand of disintegration (7)
Scrolls
 b - 4 scrolls of identify
 m - 2 scrolls of teleportation
 q - 3 scrolls of remove curse
 E - a scroll of enchant weapon
 F - a scroll of magic mapping
Potions
 d - 4 potions of might
 e - 3 potions of curing
 i - a potion of haste {unknown}
 k - 4 potions of brilliance {unknown}
 l - 2 potions of attraction {unknown}
 o - 2 potions of ambrosia {unknown}
 v - 3 potions of heal wounds {unknown}
 w - a potion of experience {unknown}
 z - 2 potions of flight {unknown}
 A - a potion of mutation {unknown}
 C - a potion of degeneration {unknown}


   Skills:
 - Level 3.2 Fighting
 + Level 11.9 Axes
 - Level 3.2 Armour
 - Level 3.2 Shields


You had 8 spell levels left.
You didn't know any spells.
Your spell library was empty.

Dungeon Overview and Level Annotations

Branches:
Dungeon (8/15)             Temple (1/1) D:5
   Lair: D:8-11

Altars:
Ashenzari
Cheibriados
Elyvilon
Fedhas
Gozag
Hepliaklqana
Kikubaaqudgha
Makhleb
Nemelex Xobeh
Okawaru
Qazlal
Ru
Sif Muna
Trog
Uskayaw
Vehumet
Wu Jian
Xom
Yredelemnul
Zin
The Shining One

Annotations:
D:8 Maggie


Innate Abilities, Weirdness & Mutations

You are resistant to torment.
Your stone body is resilient. (AC +6)
You are immune to poison.
You resist negative energy. (rN+)
You are resistant to electric shocks. (rElec)
You can survive without breathing.
You are immune to petrification.
You are immune to rotting.


Message History

The orc priest blocks your attack. The orc warrior barely misses you.
You slash the orc warrior!
The orc warrior is almost dead.
You slash the orc priest!
The orc priest hits you but does no damage.
You hit the orc warrior.
You kill the orc warrior!
Okawaru accepts your kill. The orc priest blocks your attack.
The orc priest mumbles some strange prayers to Beogh against you.
Beogh smites you!
The orc priest invokes the aid of Beogh against you.
Beogh smites you!
* * * LOW HITPOINT WARNING * * *
Things that are here:
a +0 halberd of freezing; 17 stones; a +0 chain mail Maggie shouts!
The orc priest invokes the aid of Beogh against you.
Beogh smites you!
You die...

###.# #...@ ####.#.#
....#.### #......#
#.....# #.....#
#<.@..###.# .
#.))o...... ##.
###.####### #.. .# #.#
# #.# .# ##'## #.#.#
.# ##...## #.#.###.#
##.....## #.>.....#
##.....<.## #...
###.#...####......<..#
##..) #


You could see Maggie and an orc priest.

Vanquished Creatures
  Pikel (D:4)
  A water moccasin (D:7)
  A sky beast (D:5)
  An orc warrior (D:8)
  3 ogres
  3 centaurs (D:5)
  3 lemures (D:4)
  3 bullfrogs (D:8)
  2 scorpions
  5 killer bees (D:7)
  9 wights
  2 howler monkeys
  A centaur zombie (D:8)
  An electric eel (D:6)
  A jelly (D:8)
  3 hounds
  2 orc wizards
  Jessica (D:2)
  7 worker ants
  11 adders
  2 shadow imps (D:3)
  2 white imps
  An ufetubus (D:7)
  3 oozes (D:1)
  An adder zombie (D:6)
  2 worms
  A dart slug (D:1)
  8 leopard geckos
  6 orcs
  2 ball pythons (D:3)
  4 bats (D:1)
  8 giant cockroaches
  6 goblins
  8 hobgoblins
  6 jackals
  A quokka (D:5)
  5 frilled lizards
  4 kobolds
  A leopard gecko skeleton (D:2)
  A quokka skeleton (D:6)
  3 rats
136 creatures vanquished.

Notes
Turn   | Place    | Note
-------+----------+-------------------------------------------
     0 | D:1      | strifetoe the Gargoyle Fighter began the quest for the Orb.
     0 | D:1      | Reached XP level 1. HP: 14/14 MP: 1/1
    30 | D:1      | Reached skill level 2 in Axes
    31 | D:1      | Reached XP level 2. HP: 12/19 MP: 2/2
   253 | D:1      | Reached skill level 3 in Axes
   269 | D:1      | Reached XP level 3. HP: 23/23 MP: 3/3
  1029 | D:2      | Noticed Jessica
  1048 | D:2      | Killed Jessica
  1049 | D:2      | Reached XP level 4. HP: 26/28 MP: 4/4
  1087 | D:2      | Reached skill level 4 in Axes
  2145 | D:3      | Reached XP level 5. HP: 28/32 MP: 5/5
  2510 | D:3      | Reached skill level 5 in Axes
  2728 | D:4      | Noticed an ogre
  2737 | D:4      | Killed an ogre
  2738 | D:4      | Reached XP level 6. HP: 25/37 MP: 6/6
  3034 | D:4      | Noticed Pikel
  3110 | D:4      | Reached skill level 6 in Axes
  3402 | D:4      | Killed Pikel
  3403 | D:4      | Reached skill level 8 in Axes
  3403 | D:4      | Reached XP level 7. HP: 33/41 MP: 7/7
  3616 | D:4      | Reached XP level 8. HP: 43/46 MP: 8/8
  3802 | D:5      | Entered Level 5 of the Dungeon
  3956 | D:5      | Found a staircase to the Ecumenical Temple.
  3964 | D:5      | Reached skill level 9 in Axes
  3970 | Temple   | Entered the Ecumenical Temple
  4159 | Temple   | Became a worshipper of Warmaster Okawaru
  5180 | D:6      | Reached skill level 10 in Axes
  5521 | D:7      | Reached XP level 9. HP: 47/51 MP: 9/9
  5541 | D:7      | Reached * piety under Okawaru
  5938 | D:8      | Noticed Maggie
  6399 | D:8      | Reached skill level 11 in Axes
  7092 | D:8      | Reached ** piety under Okawaru
  7100 | D:8      | Killed from afar by an orc priest

Illustrated notes

Levels and vault maps discovered:
D:1:      saegor_arrival_miasma, layout_basic
D:2:      layout_basic, uniq_jessica
D:3:      layout_rooms
D:4:      layout_loops_ring, gup_sewer_entry_pipe, minmay_checkerbox, uniq_pikel
D:5:      layout_cave_pools, minmay_temple_entry_purple_smoke
D:6:      layout_cave_pods, serial_glass, glass_columns_a, glass_columns_a,
          feat_on_display, water_boxes_lemuel
D:7:      layout_basic, hex_tiny
D:8:      layout_loops_corners, uniq_maggie, uniq_grum
Temple:   minmay_crystal_snake_temple

Skill      XL: |  1  2  3  4  5  6  7  8  9 |
---------------+----------------------------+-----
Axes           | 2 3 4 5 8 10 11 | 11.9
Fighting       | |  3.2
Armour         | |  3.2
Shields        | |  3.2

Action                   |  1- 3 |  4- 6 |  7- 9 || total
-------------------------+-------+-------+-------++-------
Melee: War axe           |    78 |   270 |   335 ||   683
Evoke: Wand              |       |       |     7 ||     7
  Use: Scroll            |       |     5 |     5 ||    10
Armor: Scale mail        |    42 |    37 |       ||    79
       Chain mail        |       |   145 |   268 ||   413
Dodge: Dodged            |    18 |    53 |    93 ||   164
Block: Kite shield       |    46 |   155 |   177 ||   378

Table legend: (Time is in decaauts)
 A = Elapsed time spent in this place.
 B = Non-inter-level travel time spent in this place.
 C = Inter-level travel time spent in this place.
 D = Time resting spent in this place.
 E = Time spent auto-exploring this place.
 F = Levels seen in this place.
 G = Mean time per level.
                   A        B        C        D        E       F      G
               +--------+--------+--------+--------+--------+-----+--------+
         Total |   7251 |   6988 |    263 |    428 |   5094 |   9 |  805.7 |
       Dungeon |   7047 |   6820 |    227 |    428 |   4928 |   8 |  880.9 |
        Temple |    203 |    167 |     36 |      0 |    166 |   1 |  203.0 |
               +--------+--------+--------+--------+--------+-----+--------+

Top non-repeatable levels by time:
     D:2: 1191 daAuts
     D:4: 1135 daAuts
     D:7: 923 daAuts
     D:1: 920 daAuts
     D:6: 834 daAuts
     D:8: 762 daAuts
     D:3: 683 daAuts
     D:5: 597 daAuts
  Temple: 203 daAuts
